 Dungeon Crawl Stone Soup version 0.25.1-2-g60ff931df9 (webtiles) character file.

Game seed: 17667834355757984919

11351 ubername the Basher (level 11, -2/97 HPs)
             Began as a Minotaur Berserker on Nov 17, 2020.
             Was a High Priest of Trog.
             Slain by an eight-headed hydra (3 damage)
             ... on level 11 of the Dungeon on Nov 18, 2020.
             The game lasted 00:19:25 (9349 turns).

ubername the Basher (Minotaur Berserker)            Turns: 9349, Time: 00:19:26

Health: -2/97      AC: 17    Str: 23    XL:     11   Next: 48%
Magic:  10/10      EV: 14    Int: 11    God:    Trog [*****.]
Gold:   270        SH:  0    Dex: 10    Spells: 10/10 levels left

rFire    . . .     SeeInvis .   I - +2 battleaxe (vorpal)
rCold    . . .     Gourm    .   (shield currently unavailable)
rNeg     . . .     Faith    .   r - quicksilver dragon scales
rPois    .         Spirit   .   (helmet unavailable)
rElec    .         Reflect  .   u - +0 cloak
rCorr    +         Harm     .   t - +0 pair of gloves "Lamiepn" {MR- rCorr Int+5}
MR       .....     Rnd*Tele +   z - +1 pair of boots
Stlth    +.........             (no amulet)
HPRegen  0.26/turn              (no ring)
MPRegen  0.12/turn              (no ring)

@: no status effects
A: retaliatory headbutt, horns 3, teleportitis 1
a: Berserk, Trog's Hand, Brothers in Arms, Renounce Religion


You were on level 11 of the Dungeon.
You worshipped Trog.
Trog was extremely pleased with you.
You were very hungry.

You visited 1 branch of the dungeon, and saw 11 of its levels.

You collected 564 gold pieces.
You spent 294 gold pieces at shops.

Inventory:

Hand Weapons
 a - a +7 flail of protection
 s - a +2 antimagic demon whip
 w - a +0 morningstar
 A - a +1 mace of holy wrath
 F - a +2 whip of flaming
 G - a +1 war axe of freezing
 I - a +2 vorpal battleaxe (weapon)
Missiles
 v - 30 poisoned darts (quivered)
Armour
 e - a +0 kite shield
 r - quicksilver dragon scales (worn)
 t - the +0 pair of gloves "Lamiepn" (worn) {MR- rCorr Int+5}
   (You bought it in a shop on level 10 of the Dungeon)

   It affects your intelligence (+5).
   It affects your resistance to hostile enchantments.
   It provides partial protection from all sources of acid and corrosion.
 u - a +0 cloak (worn)
 z - a +1 pair of boots (worn)
Jewellery
 g - an uncursed ring of magical power
 H - an uncursed ring of protection from cold {unknown}
Wands
 j - a wand of digging (5)
 l - a wand of clouds (13)
 x - a wand of polymorph (9)
 y - a wand of paralysis (9)
Scrolls
 f - a scroll of random uselessness {unknown}
 h - 3 scrolls of remove curse
 i - 2 scrolls of amnesia {unknown}
 n - 12 scrolls of identify
 o - 3 scrolls of teleportation
 p - 2 scrolls of fog
 B - 2 scrolls of magic mapping
 D - 2 scrolls of enchant weapon
Potions
 b - 2 potions of might
 d - 2 potions of cancellation
 k - a potion of brilliance {unknown}
 m - a potion of berserk rage {unknown}
 q - 2 potions of curing
 C - a potion of degeneration {unknown}
 E - a potion of resistance {unknown}
Comestibles
 c - 21 rations


   Skills:
 + Level 9.2 Fighting
 + Level 9.3(11.7) Axes
 + Level 11.6(12.8) Maces & Flails
 + Level 7.5 Armour
 + Level 7.4 Dodging
 + Level 2.3 Stealth
 + Level 8.6 Shields


You had 10 spell levels left.
You didn't know any spells.
Your spell library was empty.

Dungeon Overview and Level Annotations

Branches:
Dungeon (11/15)            Temple (0/1) D:4            Lair (0/6) D:8
    Orc (0/2) D:9

Altars:
Ashenzari
Cheibriados
Dithmenos
Nemelex Xobeh
Okawaru
Trog
Vehumet
Xom
Zin
Beogh

Shops:
D:6 :   D:10 [}[


Innate Abilities, Weirdness & Mutations

You reflexively headbutt those who attack you in melee.
You have a pair of large horns on your head.
You are occasionally teleported next to monsters.


Message History

* * * LOW HITPOINT WARNING * * *
The eight-headed hydra misses you. The eight-headed hydra bites you!
* * * LOW HITPOINT WARNING * * *
The eight-headed hydra bites you.
* * * LOW HITPOINT WARNING * * *
The eight-headed hydra barely misses you.
The eight-headed hydra bites you but does no damage.
The eight-headed hydra closely misses you.
The eight-headed hydra bites you.
* * * LOW HITPOINT WARNING * * *
You feel better. The eight-headed hydra bites you.
* * * LOW HITPOINT WARNING * * *
The eight-headed hydra barely misses you.
The eight-headed hydra bites you!
* * * LOW HITPOINT WARNING * * *
The eight-headed hydra bites you but does no damage.
The eight-headed hydra closely misses you.
The eight-headed hydra bites you but does no damage.
The eight-headed hydra bites you.
You die...

.... ....##
..... .... #....
#... .
##...##..## ...
......##..# ....
#......<#.....
###§§.§....##
#..§§§§H....#
#..§§@§....##
.....§D§§.......
###..§§§§.......
#.)).........###
#H.............#
........#.......
#...##.##...###
.... <# .##.


You could see an eight-headed hydra and a hippogriff.

Vanquished Creatures
  5 death yaks (D:8)
  3 two-headed ogres
  An ugly thing (D:11)
  3 hippogriffs
  Prince Ribbit (D:5)
  Sigmund (D:2)
  A spriggan (D:10)
  2 yaks (D:8)
  2 hungry ghosts (D:7)
  A warg (D:9)
  Edmund (D:6)
  2 ice beasts
  5 orc warriors
  A sky beast (D:6)
  2 ogres
  3 black bears
  A necrophage (D:5)
  2 centaurs
  4 bullfrogs
  A gnoll sergeant (D:7)
  A scorpion (D:5)
  12 killer bees
  5 howler monkeys
  A crimson imp (D:9)
  3 bullfrog zombies
  2 hounds
  4 jellies
  11 orc priests
  A bullfrog skeleton (D:10)
  Terence (D:2)
  5 iguanas
  Natasha (thrice) (D:2)
  8 orc wizards
  4 worker ants
  2 hound skeletons
  15 gnolls
  2 howler monkey skeletons
  10 adders
  2 oozes
  An adder skeleton (D:9)
  2 worms (D:2)
  A dart slug (D:1)
  4 leopard geckos
  47 orcs
  3 giant cockroaches
  12 goblins
  8 hobgoblins
  13 jackals
  5 quokkas
  2 ball pythons
  5 bats
  8 frilled lizards
  A jackal skeleton (D:5)
  2 kobolds (D:1)
  12 rats
260 creatures vanquished.

Notes
Turn   | Place    | Note
-------+----------+-------------------------------------------
     0 | D:1      | ubername the Minotaur Berserker began the quest for the
                  | Orb.
     0 | D:1      | Reached XP level 1. HP: 19/19 MP: 0/0
    56 | D:1      | Reached XP level 2. HP: 16/27 MP: 1/1
   451 | D:1      | Reached ** piety under Trog
   660 | D:1      | Reached XP level 3. HP: 33/33 MP: 2/2
   999 | D:2      | Noticed Terence
   999 | D:2      | Noticed Natasha
  1004 | D:2      | Killed Terence
  1008 | D:2      | Killed Natasha
  1008 | D:2      | Reached XP level 4. HP: 26/41 MP: 3/3
  1194 | D:2      | Noticed Natasha
  1215 | D:2      | Killed Natasha
  1215 | D:2      | Reached skill level 1 in Shields
  1222 | D:2      | Noticed Natasha
  1230 | D:2      | Killed Natasha
  1230 | D:2      | Reached skill level 5 in Axes
  1230 | D:2      | Reached XP level 5. HP: 26/47 MP: 4/4
  1977 | D:2      | Noticed Sigmund
  1986 | D:2      | Killed Sigmund
  1986 | D:2      | Reached skill level 5 in Fighting
  1986 | D:2      | Reached skill level 1 in Stealth
  1986 | D:2      | Reached XP level 6. HP: 56/56 MP: 5/5
  2545 | D:3      | Reached *** piety under Trog
  2548 | D:3      | Found a shimmering altar of Xom.
  2555 | D:3      | Found a shadowy altar of Dithmenos.
  2563 | D:3      | Found an iron altar of Okawaru.
  2571 | D:3      | Found a shattered altar of Ashenzari.
  2578 | D:3      | Found a snail-covered altar of Cheibriados.
  2591 | D:3      | Found a radiant altar of Vehumet.
  2596 | D:3      | Found a glowing silver altar of Zin.
  2768 | D:4      | Found a staircase to the Ecumenical Temple.
  3313 | D:4      | Gained mutation: Scrolls take you a little longer to read.
                  | [potion of mutation]
  3313 | D:4      | Gained mutation: Your magical capacity is low. (-10% MP)
                  | [potion of mutation]
  3313 | D:4      | Gained mutation: You have large cloven feet. [potion of
                  | mutation]
  3363 | D:5      | Entered Level 5 of the Dungeon
  3392 | D:5      | Reached XP level 7. HP: 61/61 MP: 5/5
  4066 | D:5      | Noticed Prince Ribbit
  4085 | D:5      | Killed Prince Ribbit
  4085 | D:5      | Reached skill level 5 in Dodging
  4085 | D:5      | Reached XP level 8. HP: 70/70 MP: 6/6
  4488 | D:5      | Reached **** piety under Trog
  4751 | D:6      | Found Hurioman's Book Emporium.
  4816 | D:6      | Found a bloodstained altar of Trog.
  5167 | D:6      | Noticed Edmund
  5197 | D:6      | Killed Edmund
  5197 | D:6      | Reached skill level 5 in Shields
  5387 | D:6      | Reached skill level 5 in Armour
  5414 | D:6      | Reached XP level 9. HP: 78/78 MP: 7/7
  5775 | D:7      | Reached skill level 1 in Maces & Flails
  5792 | D:7      | Reached skill level 2 in Maces & Flails
  5818 | D:7      | Reached ***** piety under Trog
  5818 | D:7      | Reached skill level 3 in Maces & Flails
  5949 | D:7      | Reached skill level 4 in Maces & Flails
  6056 | D:7      | Found a sparkling altar of Nemelex Xobeh.
  6281 | D:7      | Noticed a two-headed ogre
  6287 | D:7      | Killed a two-headed ogre
  6287 | D:7      | Reached skill level 6 in Maces & Flails
  6287 | D:7      | Reached XP level 10. HP: 86/86 MP: 8/8
  6479 | D:8      | Noticed a two-headed ogre
  6486 | D:8      | Killed a two-headed ogre
  6486 | D:8      | Reached skill level 7 in Maces & Flails
  6531 | D:8      | Noticed a death yak
  6532 | D:8      | Noticed a death yak
  6532 | D:8      | Noticed a death yak
  6533 | D:8      | Noticed a death yak
  6537 | D:8      | Noticed a death yak
  6547 | D:8      | Killed a death yak
  6557 | D:8      | Killed a death yak
  6557 | D:8      | Reached skill level 8 in Maces & Flails
  6564 | D:8      | Killed a death yak
  6564 | D:8      | Reached skill level 9 in Maces & Flails
  6570 | D:8      | Killed a death yak
  6580 | D:8      | Killed a death yak
  6580 | D:8      | Reached skill level 10 in Maces & Flails
  6580 | D:8      | Reached XP level 11. HP: 33/95 MP: 8/8
  6831 | D:8      | Found a staircase to the Lair.
  7207 | D:8      | Lost mutation: Your magical capacity is low. (-10% MP)
                  | [potion of mutation]
  7207 | D:8      | Lost mutation: You have large cloven feet. [potion of
                  | mutation]
  7207 | D:8      | Lost mutation: Scrolls take you a little longer to read.
                  | [potion of mutation]
  7207 | D:8      | Gained mutation: You are occasionally teleported next to
                  | monsters. [potion of mutation]
  7207 | D:8      | Gained mutation: You have a pair of large horns on your
                  | head. [potion of mutation]
  7639 | D:9      | Received a gift from Trog
  7910 | D:9      | Reached skill level 11 in Maces & Flails
  7996 | D:9      | Found a staircase to the Orcish Mines.
  8343 | D:9      | Found a roughly hewn altar of Beogh.
  8500 | D:10     | Entered Level 10 of the Dungeon
  8576 | D:10     | Received a gift from Trog
  8691 | D:10     | Found Vuis's Armour Emporium.
  8775 | D:10     | Found Foane's Antique Armour Boutique.
  8783 | D:10     | Bought a pair of fine gloves for 294 gold pieces
  8788 | D:10     | Identified the cursed +0 pair of gloves "Lamiepn" {MR-
                  | rCorr Int+5} (You bought it in a shop on level 10 of the
                  | Dungeon)
  8794 | D:10     | Found Utodudia's Gadget Shoppe.
  9048 | D:10     | Noticed a two-headed ogre
  9053 | D:10     | Killed a two-headed ogre
  9337 | D:11     | Noticed a cyan ugly thing
  9339 | D:11     | Noticed a six-headed hydra
  9347 | D:11     | Killed a cyan ugly thing
  9349 | D:11     | HP: 1/97 [eight-headed hydra (9)]
  9349 | D:11     | Slain by an eight-headed hydra

Illustrated notes

Levels and vault maps discovered:
D:1:      elethiomel_arrival_infinity_welcomes_careful_drivers, layout_rooms
D:2:      layout_rooms, uniq_terence, uniq_natasha, uniq_sigmund
D:3:      layout_rooms, grunt_temple_overflow_octagram,
          hangedman_abyss_or_decor_stabs
D:4:      layout_basic, minmay_temple_entry_large_hall, serial_glass,
          glass_columns_a, glass_columns_b
D:5:      layout_basic, first_ration, serial_corexii_hall,
          corexii_hall_statues_i, corexii_hall_statues_l,
          chequers_hall_statues_y, uniq_prince_ribbit1
D:6:      layout_loops_ring, serial_shops,
          nicolae_shop_temple_entry_statues_fountains, trog_butcher_becter,
          uniq_edmund
D:7:      layout_cave_pools, basic_altar
D:8:      layout_basic, dpeg_lair_monsters, serial_curves, eino_curves_03,
          eino_curves_03, eino_curves_02, eino_curves_01
D:9:      layout_loops_ring, erik_orc_4, special_room [special_room_orc]
D:10:     layout_basic, serial_shops, shop, shop, nicolae_shop_trees,
          the_bakery, kennysheep_cluttered_room
D:11:     layout_cave_pools, serial_shops, shop, lemuel_hellish_altar

Skill      XL: |  1  2  3  4  5  6  7  8  9 10 11 |
---------------+----------------------------------+-----
Fighting       | 4 5 6 7 8 9 |  9.2
Axes           | 4 5 6 7 9 |  9.3
Dodging        | 3 4 5 6 7 |  7.4
Shields        | 1 2 3 5 6 8 |  8.6
Stealth        | 1 2 |  2.3
Armour         | 3 4 5 7 |  7.5
Maces & Flails | 6 10 11 | 11.6

Action                   |  1- 3 |  4- 6 |  7- 9 | 10-12 || total
-------------------------+-------+-------+-------+-------++-------
Melee: Hand axe          |    58 |   105 |   222 |       ||   385
       Headbutt          |     8 |    20 |    66 |    48 ||   142
       Flail             |       |       |    84 |   202 ||   286
       Demon whip        |       |       |       |    31 ||    31
       Battleaxe         |       |       |       |    12 ||    12
Invok: Berserk           |     1 |     5 |     4 |     2 ||    12
  Use: Scroll            |       |     4 |     4 |     4 ||    12
       Potion            |       |     6 |       |     2 ||     8
  Eat: Chunk             |       |    12 |    16 |    11 ||    39
Armor: Animal skin       |     8 |       |       |       ||     8
       Leather armour    |       |    11 |       |       ||    11
       Quicksilver drago |       |    20 |   114 |    71 ||   205
Dodge: Dodged            |    20 |    39 |   140 |    92 ||   291
Block: Kite shield       |    23 |    44 |   155 |    81 ||   303
